 Dungeon Crawl Stone Soup version 0.20.1-1-g8b1a95d (webtiles) character file.

56 ANON1729 the Conjurer (level 3, 0/19 HPs)
             Began as a Tengu Conjurer on July 26, 2017.
             Slain by Sigmund
             ... wielding a +0 scythe
              (9 damage)
             ... on level 2 of the Dungeon.
             The game lasted 00:04:11 (1346 turns).

ANON1729 the Conjurer (Tengu Conjurer)              Turns: 1346, Time: 00:04:12

Health: 0/19       AC:  3    Str:  8    XL:     3   Next: 95%
Magic:  4/8        EV: 12    Int: 16    God:
Gold:   51         SH:  3    Dex: 14    Spells: 5/8 levels left

rFire    . . .     SeeInvis .   (no weapon)
rCold    . . .     Gourm    .   l - +0 buckler
rNeg     . . .     Faith    .   a - +0 robe
rPois    .         Spirit   .   (helmet restricted)
rElec    .         Reflect  .   (no cloak)
rCorr    .         Harm     .   h - +0 pair of gloves
MR       .....                  (boots unavailable)
Stlth    ++........             (no amulet)
Regen    0.1/turn               (no ring)
MPRegen  0.2/turn               (no ring)

@: hasted, very quick
A: beak, talons 3
a: no special abilities


You were on level 2 of the Dungeon.
You were not hungry.

You visited 1 branch of the dungeon, and saw 2 of its levels.

You collected 51 gold pieces.

Inventory:

Hand Weapons
 d - a +0 short sword
 k - a +0 short sword
Armour
 a - a +0 robe (worn)
 h - a +0 pair of gloves (worn)
 l - a +0 buckler (worn)
Scrolls
 e - a scroll of enchant armour {unknown}
 i - a scroll of magic mapping {unknown}
 m - 3 scrolls of identify {unknown}
 n - a scroll of teleportation {unknown}
Books
 b - a book of Conjurations

   Spells                             Type                      Level
   a - Magic Dart                     Conjuration                  1
   b - Searing Ray                    Conjuration                  2
   c - Dazzling Spray                 Conjuration/Hexes            3
   d - Fulminant Prism                Conjuration/Hexes            4
   e - Force Lance                    Conjuration/Translocation    4
   f - Iskenderun's Mystic Blast      Conjuration                  4
Comestibles
 c - a bread ration
 f - a chunk of flesh
 j - a royal jelly


   Skills:
 - Level 2.1 Dodging
 - Level 2.0 Stealth
 + Level 3.1 Spellcasting
 + Level 6.2 Conjurations


You had 5 spell levels left.
You knew the following spells:

 Your Spells              Type           Power        Failure   Level  Hunger
a - Magic Dart            Conj           ###.         2%          1    None
b - Searing Ray           Conj           ###...       3%          2    ##.....


Dungeon Overview and Level Annotations

Branches:
Dungeon (2/15)

Altars:

Annotations:
D:2 Sigmund


Innate Abilities, Weirdness & Mutations

You have a beak for a mouth.
You have claws for feet.


Message History

There are monsters nearby!
Sigmund shouts!
The frilled lizard moves out of view.
Sigmund points at you and mumbles some strange words.
The puff of flame hits you!
It was a potion of haste.
You feel yourself speed up.
You start resting.
Casting: Magic Dart
Confirm with . or Enter, or press ? or * to list all spells.
Aiming: Searing Ray
Press: ? - help, Shift-Dir - straight line, f - Sigmund
Aim: Sigmund, wielding a scythe and wearing a robe The searing ray hits Sigmund.
Sigmund is lightly wounded. (Press . to maintain the ray.)
The searing ray hits Sigmund.
Sigmund is lightly wounded.
The searing ray misses Sigmund.
Sigmund hits you from afar with a scythe!
You die...

.. # .# .# .##.# ...(#
..##############..#####
....@..................
#.......###@###..##.#.
#######.# #.###.###.#.#
#.# #.@.........#
..#######.##..####
.................
########.#####...#
#.##.#....# #....#....#
####.#....# #....#.##.#
###......##.##


You could see Sigmund.

Vanquished Creatures
  2 oozes
  3 leopard geckos (D:1)
  6 bats (D:1)
  3 giant cockroaches
  7 goblins
  A hobgoblin (D:1)
  7 kobolds
  14 rats (D:1)
43 creatures vanquished.

Notes
Turn   | Place    | Note
-------+----------+-------------------------------------------
     0 | D:1      | ANON1729 the Tengu Conjurer began the quest for the Orb.
     0 | D:1      | Reached XP level 1. HP: 10/10 MP: 4/4
   252 | D:1      | Reached XP level 2. HP: 14/15 MP: 3/6
   388 | D:1      | Learned a level 2 spell: Searing Ray
   608 | D:1      | Reached XP level 3. HP: 17/19 MP: 4/8
   882 | D:1      | Reached skill level 6 in Conjurations
  1331 | D:2      | Noticed Sigmund
  1346 | D:2      | Slain by Sigmund

Skill      XL: |  1  2  3 |
---------------+----------+-----
Conjurations   | 6 |  6.2
Spellcasting   | 3 |  3.1
Dodging        | |  2.1
Stealth        | |  2.0

Action                   || total
-------------------------++-------
Melee: Unarmed           ||    81
       Kick              ||    27
       Peck              ||    11
 Cast: Magic Dart        ||    34
       Searing Ray       ||     1
  Use: Potion            ||     1
 Stab: Sleeping          ||     2
  Eat: Chunk             ||     2
Armor: Robe              ||    25
Dodge: Dodged            ||    67
Block: Buckler           ||     4
